 Dungeon Crawl Stone Soup version 0.22.1-1-ga44c0e56f4 (webtiles) character file.

2621 Gargoyl the Schismatic (level 9, -2/73 HPs)
             Began as a Centaur Abyssal Knight on Oct 22, 2018.
             Was an Elder of Lugonu.
             Slain by an orc warrior
             ... wielding a +0 morningstar of protection
              (18 damage)
             ... in the Ecumenical Temple.
             The game lasted 00:10:41 (7217 turns).

Gargoyl the Schismatic (Centaur Abyssal Knight)     Turns: 7217, Time: 00:10:42

Health: -2/73      AC: 15    Str: 16    XL:     9   Next: 34%
Magic:  13/13      EV:  0    Int: 11    God:    Lugonu [****..]
Gold:   265        SH: 13    Dex: 15    Spells: 8/8 levels left

rFire    . . .     SeeInvis .   s - +1 war axe
rCold    . . .     Gourm    .   f - +0 large shield
rNeg     . . .     Faith    .   j - +2 plate armour
rPois    .         Spirit   .   r - +2 helmet
rElec    .         Reflect  .   (no cloak)
rCorr    .         Harm     .   (no gloves)
MR       +....                  (no barding)
Stlth    ..........             (no amulet)
HPRegen  0.22/turn              d - ring of protection from magic
MPRegen  0.13/turn              u - +4 ring of dexterity

@: very quick
A: large, hooves 3, deformed body, speed 2, tough skin 3
a: Depart the Abyss, Bend Space, Banish, Corrupt, Renounce Religion


You were in the Ecumenical Temple.
You worshipped Lugonu.
Lugonu was greatly pleased with you.
You were not hungry.

You visited 2 branches of the dungeon, and saw 8 of its levels.
You visited the Abyss 1 time.

You collected 265 gold pieces.

Inventory:

Hand Weapons
 a - a +1 hand axe
 s - a +1 war axe (weapon)
Missiles
 k - 17 tomahawks (quivered)
Armour
 f - a +0 large shield (worn)
 j - a +2 plate armour (worn)
 r - a +2 helmet (worn)
Jewellery
 d - a ring of protection from magic (left hand)
 u - a +4 ring of dexterity (right hand)
Wands
 w - a wand of digging (10)
 y - a wand of flame (27)
Scrolls
 b - 2 scrolls of amnesia
 e - a scroll of silence
 q - 4 scrolls of teleportation
 v - 3 scrolls of identify
 A - a scroll of remove curse
 B - a scroll of fear
 D - a scroll of fog {unknown}
Potions
 g - 4 potions of curing
 i - 3 potions of magic
 l - a potion of brilliance {unknown}
 m - 2 potions of lignification {unknown}
 n - 2 potions of invisibility {unknown}
 o - a potion of resistance {unknown}
 p - 2 potions of flight {unknown}
 t - 3 potions of agility
 x - 2 potions of mutation {unknown}
 z - a potion of haste {unknown}
 C - a potion of berserk rage
Comestibles
 c - 4 rations


   Skills:
 + Level 4.8 Fighting
 + Level 6.4 Axes
 + Level 0.3 Throwing
 * Level 4.3 Armour
 + Level 1.2 Dodging
 + Level 4.2 Shields
 * Level 6.6 Invocations


You had 8 spell levels left.
You didn't know any spells.
Your spell library contained the following spells:

 Spells                   Type           Power        Failure   Level  Hunger
 Animate Skeleton         Necr           N/A          100%        1    ##.....
 Apportation              Tloc           #.....       100%        1    ##.....
 Confusing Touch          Hex            #.....       100%        1    ##.....
 Summon Small Mammal      Summ           #...         100%        1    ##.....


Dungeon Overview and Level Annotations

Branches:
Dungeon (7/15)             Temple (1/1) D:7

Altars:
Hepliaklqana
Trog
Zin


Innate Abilities, Weirdness & Mutations

You have hooves in place of feet.
Armour fits poorly on your strangely shaped body.
You cover ground very quickly.
You have extremely tough skin. (AC +3)


Message History

You block the orc warrior's attack.
You closely miss the orc warrior.
You kick the orc warrior, but do no damage.
The orc warrior is almost dead.
The orc warrior hits you but does no damage.
You hit the orc warrior but do no damage.
You kick the orc warrior, but do no damage.
The orc warrior is almost dead.
The orc warrior hits you with a morningstar of protection!!
* * * LOW HITPOINT WARNING * * *
You hit the orc warrior but do no damage.
The orc warrior is almost dead.
You block the orc warrior's attack.
You hit the orc warrior but do no damage.
The orc warrior is almost dead.
The orc warrior hits you with a morningstar of protection!
* * * LOW HITPOINT WARNING * * *
You feel better.
The orc warrior hits you with a morningstar of protection!!
You die...

≈≈≈≈≈≈≈≈≈≈≈≈≈≈≈
≈≈≈≈≈≈≈≈≈≈≈≈≈≈≈
≈≈≈≈≈≈≈≈≈≈≈≈≈≈≈
≈≈≈≈≈≈≈≈≈≈≈≈≈≈≈
≈≈≈≈≈.....≈≈≈≈≈
...............
......o........
.⌠.....@.....⌠.
...............
...............
≈≈≈≈≈..⌠..≈≈≈≈≈
...≈≈≈...≈≈..≈≈
≈≈≈......≈.≈≈.≈
≈#≈≈≈≈≈≈≈≈.≈≈.≈
≈≈.......≈≈.≈≈


You could see an orc warrior.

Vanquished Creatures
  Pikel (D:5)
  Sigmund (D:4)
  Eustachio (D:6)
  A hungry ghost (D:7)
  Edmund (D:6)
  2 sky beasts (D:5)
  2 ice beasts (D:7)
  2 ogres
  A centaur (D:6)
  2 bullfrogs
  4 scorpions
  A howler monkey (D:4)
  3 crimson imps (D:5)
  A centaur zombie (D:6)
  An orc priest (D:6)
  A bullfrog skeleton (D:4)
  3 hounds
  An iguana (D:6)
  An orc wizard (D:6)
  A centaur skeleton (D:4)
  2 worker ants
  Robin (D:4)
  A worker ant zombie (D:6)
  3 gnolls (D:2)
  5 adders
  An adder zombie (D:6)
  3 worms
  2 dart slugs (D:3)
  4 leopard geckos
  19 orcs
  9 bats
  3 giant cockroaches
  16 goblins
  15 hobgoblins
  14 jackals
  4 kobolds
  4 quokkas
  A ball python (D:4)
  3 frilled lizards
  2 jackal zombies
  4 rats
147 creatures vanquished.

Notes
Turn   | Place    | Note
-------+----------+-------------------------------------------
     0 | Abyss:1  | Gargoyl the Centaur Abyssal Knight began the quest for the
                  | Orb.
     0 | Abyss:1  | Reached XP level 1. HP: 19/19 MP: 2/2
     2 | Abyss:1  | Found a corrupted altar of Lugonu.
    56 | Abyss:1  | Noticed a large abomination
    57 | D:1      | Escaped the Abyss
   247 | D:1      | Reached * piety under Lugonu
   263 | D:1      | Reached XP level 2. HP: 13/26 MP: 3/3
  1172 | D:2      | Reached XP level 3. HP: 26/31 MP: 4/4
  1439 | D:2      | Found a glowing silver altar of Zin.
  1444 | D:2      | Found a bloodstained altar of Trog.
  1966 | D:3      | Reached ** piety under Lugonu
  1966 | D:3      | Reached XP level 4. HP: 34/38 MP: 6/6
  2322 | D:3      | Reached skill level 1 in Dodging
  2346 | D:3      | Found a hazy altar of Hepliaklqana.
  2435 | D:3      | Noticed a bullfrog
  2453 | D:3      | Killed a bullfrog
  2453 | D:3      | Reached skill level 1 in Shields
  2453 | D:3      | Reached XP level 5. HP: 37/45 MP: 7/7
  3088 | D:4      | Noticed Robin
  3348 | D:4      | Killed Robin
  3399 | D:4      | Reached *** piety under Lugonu
  3494 | D:4      | Noticed Pikel
  3494 | D:4      | Noticed a slave
  3495 | D:4      | Noticed a slave
  3495 | D:4      | Noticed a slave
  3495 | D:4      | Noticed a slave
  3495 | D:4      | Noticed Sigmund
  3527 | D:5      | Entered Level 5 of the Dungeon
  3541 | D:5      | Killed Pikel
  3541 | D:5      | Reached XP level 6. HP: 44/52 MP: 7/9
  3541 | D:5      | Reached XP level 7. HP: 49/58 MP: 7/10
  3810 | D:4      | Killed Sigmund
  3810 | D:4      | Reached skill level 5 in Invocations
  3845 | D:4      | Reached XP level 8. HP: 32/66 MP: 11/11
  4952 | D:5      | Reached skill level 5 in Axes
  5270 | D:6      | Noticed Edmund
  5286 | D:6      | Killed Edmund
  5438 | D:6      | Reached **** piety under Lugonu
  5657 | D:6      | Noticed Eustachio
  5671 | D:6      | Killed Eustachio
  5985 | D:6      | Reached XP level 9. HP: 72/72 MP: 13/13
  6988 | D:7      | Found a staircase to the Ecumenical Temple.
  6994 | Temple   | Entered the Ecumenical Temple
  7217 | Temple   | Slain by an orc warrior

Skill      XL: |  1  2  3  4  5  6  7  8  9 |
---------------+----------------------------+-----
Axes           | 2 4 5 6 |  6.4
Armour         | 2 3 4 |  4.3
Dodging        | 1 |  1.2
Shields        | 1 2 3 4 |  4.2
Invocations    | 4 5 6 |  6.6
Fighting       | 4 |  4.8
Throwing       | |  0.3

Action                   |  1- 3 |  4- 6 |  7- 9 || total
-------------------------+-------+-------+-------++-------
Melee: Hand axe          |   120 |    47 |       ||   167
       Kick              |    18 |    38 |   100 ||   156
       War axe           |       |   127 |   348 ||   475
Throw: Tomahawk          |       |     4 |     3 ||     7
Invok: Depart the Abyss  |     1 |       |       ||     1
  Use: Scroll            |     9 |     3 |     5 ||    17
       Potion            |       |       |     4 ||     4
  Eat: Chunk             |     2 |     5 |     8 ||    15
       Ration            |       |       |     3 ||     3
Armor: Leather armour    |    20 |       |       ||    20
       Plate armour      |    56 |   219 |   187 ||   462
Dodge: Dodged            |    17 |     6 |     9 ||    32
Block: Large shield      |    58 |   179 |   236 ||   473
